 Dungeon Crawl Stone Soup version 0.31-a0-1300-gb6740aa4e6 (webtiles) character file.

Game seed: 9136453448383109283

109 LeprechaunX the Changeling (level 4, -5/29 HPs)
             Began as an Octopode Shapeshifter on Dec 18, 2023.
             Slain by a gnoll
             ... wielding a +0 whip
              (7 damage)
             ... on level 3 of the Dungeon.
             The game lasted 00:01:30 (1374 turns).

LeprechaunX the Changeling (Octopode Shapeshifter)  Turns: 1374, Time: 00:01:31

Health: -5/29      AC:  1    Str: 13    XL:     4   Next: 90%
Magic:  4/4        EV: 13    Int: 12    God:
Gold:   67         SH:  0    Dex: 13    Spells: 3/3 levels left

rFire   . .          .
                       - Unarmed
rCold   . . .        (no shield)
rNeg    . . .        (helmet currently unavailable)
rPois   .            (no amulet)
rElec   .            g - ring of flight
rCorr   .            (no ring)
SInv    .            (no ring)
Will    .....        (no ring)
Stlth   ++           (no ring)
HPRegen 0.24/turn    (no ring)
MPRegen 0.09/turn    (no ring)
                     (no ring)

%: no passive effects
@: beast-form, flying
A: beast (slay +2), almost no armour, amphibious, 8 rings, camouflage 1,
gelatinous body 1, (nimble swimmer 1), tentacles
a: Begin Untransformation


You were on level 3 of the Dungeon.
You were a hulking beast.
You visited 1 branch of the dungeon, and saw 3 of its levels.

You collected 67 gold pieces.

Inventory:

Missiles
 h - 5 javelins
Jewellery
 g - a ring of flight (left tentacle)
Talismans
 b - a beast talisman
 c - a flux talisman
Scrolls
 d - 2 scrolls of identify {unknown}
 e - a scroll of fear {unknown}
 j - a scroll of teleportation {unknown}
 k - a scroll of enchant armour {unknown}
Potions
 a - a potion of lignification
 f - a potion of enlightenment {unknown}
 i - a potion of heal wounds {unknown}
 l - 2 potions of magic {unknown}
 m - a potion of might {unknown}


   Skills:
 + Level 2.1 Fighting
 + Level 1.3 Throwing
 - Level 2.0 Dodging
 + Level 3.6 Unarmed Combat
 * Level 4.0 Shapeshifting


You had 3 spell levels left.
You didn't know any spells.
Your spell library contained the following spells:

 Spells                   Type           Power      Damage    Failure   Level
 Lesser Beckoning         Tloc           0%         N/A       45%         2
 Gell's Gravitas          Tloc           0%         N/A       69%         3
 Teleport Other           Tloc           0%         N/A       69%         3


Dungeon Overview and Level Annotations

Branches:
Dungeon (3/15)

Altars:
Makhleb

Shops:
D:2 :[:


Innate Abilities, Weirdness & Mutations

You are a hulking beast.
Your limbs bulge with bestial killing power. (Slay +2)
You cannot wear most types of armour.
You are amphibious.
You can wear up to eight rings at the same time.
Your skin changes colour to match your surroundings (Stealth+).
Your rubbery body absorbs attacks. (AC +1, EV +1)
((You are camouflaged when in or above water. (Stealth+)))
You have tentacles for arms and can constrict up to eight enemies at once.


Message History

A rat is nearby!
A rat is nearby!
The rat squeaks loudly.
A gnoll comes into view. It is wielding a +0 flail.
The gnoll shouts!
You tentacle-slap the rat.
You kill the rat!
You hear a shout! x2
A gnoll comes into view. It is wielding a +0 halberd.
The gnoll shouts!
You tentacle-slap the gnoll. Your grab misses the gnoll.
The gnoll is heavily wounded.
The gnoll barely misses you.
You barely miss the gnoll. You grab the gnoll. You squeeze the gnoll!
You kill the gnoll!
A gnoll comes into view. It is wielding a +0 whip.
Your Shapeshifting skill increases to level 4!
You see here a +0 flail.
The gnoll hits you with a +0 halberd!
You tentacle-slap the gnoll. You grab the gnoll.
The gnoll is lightly wounded.
You constrict the gnoll. The gnoll hits you with a +0 halberd!
You are too injured to fight recklessly!
There are monsters nearby!
There are monsters nearby!
There are monsters nearby!
Unknown command.
You tentacle-slap the gnoll.
The gnoll is heavily wounded.
You constrict the gnoll. The gnoll hits you with a +0 halberd!
* * * LOW HITPOINT WARNING * * *
Unknown command.
You tentacle-slap the gnoll.
You kill the gnoll!
Unknown command.
You closely miss the gnoll. You grab the gnoll. You squeeze the gnoll!
The gnoll is severely wounded.
You constrict the gnoll, but do no damage.
The gnoll hits you with a +0 whip!
You die...

#+# #.# ###
####.#######.#####
+.................
####.####......###
#.# #.##.#<...
##########.#
#.##.#.###
......gh).>#
#.##......
##########.#
#.##.#.### #.#
#.##.#.... #.#
#.##.##### #.#
#.##.# #.# #.##.#
... ..# .# ###


You could see a gnoll.

Vanquished Creatures
  2 gnolls (D:3)
  5 adders (D:2)
  4 dart slugs
  4 endoplasms
  A giant cockroach (D:1)
  4 goblins (D:2)
  3 hobgoblins (D:1)
  A quokka (D:1)
  2 ball pythons
  3 bats
  2 frilled lizards (D:2)
  7 kobolds
  A rat (D:3)
39 creatures vanquished.

Notes
Turn   | Place    | Note
-------+----------+-------------------------------------------
     0 | D:1      | LeprechaunX the Octopode Shapeshifter began the quest for
                  | the Orb.
     0 | D:1      | Reached XP level 1. HP: 13/13 MP: 1/1
   169 | D:1      | Reached XP level 2. HP: 13/18 MP: 2/2
   661 | D:2      | Reached XP level 3. HP: 22/23 MP: 3/3
   709 | D:2      | Found a burning altar of Makhleb.
   767 | D:2      | Found Siokarch's Antique Armour Emporium.
   768 | D:2      | Found Kewe's Book Shoppe.
   940 | D:2      | Reached XP level 4. HP: 25/29 MP: 4/4
   993 | D:2      | Reached skill level 1 in Throwing
  1143 | D:2      | Found Subliacw's Book Boutique.
  1369 | D:3      | Reached skill level 4 in Shapeshifting
  1372 | D:3      | HP: 1/29 [gnoll/+0 halberd (9)]
  1374 | D:3      | Slain by a gnoll

Illustrated notes

Levels and vault maps discovered:
D:1:      lightli_arrival_farm, layout_rooms, minivault_25,
          minmay_stone_trees_medium
D:2:      layout_rooms, serial_shops, shop, nicolae_shop_hallway_stairs, shop,
          basic_altar
D:3:      layout_basic

Skill      XL: |  1  2  3  4 |
---------------+-------------+-----
Throwing       | 1 |  1.3
Fighting       | 2 |  2.1
Shapeshifting  | 4 |  4.0
Dodging        | |  2.0
Unarmed Combat | |  3.6

Action                     |  1- 3 |  4- 6 || total
---------------------------+-------+-------++-------
  Melee: Unarmed           |    50 |    21 ||    71
         Constrict         |    13 |     9 ||    22
         Tentacles         |    11 |     8 ||    19
         Punch             |     1 |       ||     1
   Stab: Sleeping          |       |     4 ||     4
 Armour: Skin              |    31 |     9 ||    40
  Dodge: Dodged            |    31 |     4 ||    35

Table legend: (Time is in decaauts)
 A = Elapsed time spent in this place.
 B = Non-inter-level travel time spent in this place.
 C = Inter-level travel time spent in this place.
 D = Time resting spent in this place.
 E = Time spent auto-exploring this place.
 F = Levels seen in this place.
 G = Mean time per level.
                   A        B        C        D        E       F      G
               +--------+--------+--------+--------+--------+-----+--------+
         Total |   1369 |   1342 |     27 |      0 |   1132 |   3 |  456.3 |
       Dungeon |   1369 |   1342 |     27 |      0 |   1132 |   3 |  456.3 |
               +--------+--------+--------+--------+--------+-----+--------+

Top non-repeatable levels by time:
     D:2: 667 daAuts
     D:1: 653 daAuts
     D:3: 48 daAuts
